 Dungeon Crawl Stone Soup version 0.31-a0-1469-gd420192249 (webtiles) character file.

Game seed: 13776604981261848477

1710813 Lobster4 the Infernalist (level 27, 190/190 HPs)
             Began as a Human Fire Elementalist on Dec 24, 2023.
             Was the Champion of Nemelex Xobeh.
             Escaped with the Orb
             ... and 4 runes on Dec 28, 2023!
             The game lasted 09:27:41 (131305 turns).

Lobster4 the Infernalist (HuFE)                   Turns: 131305, Time: 09:27:41

Health: 190/190    AC: 24    Str: 19      XL:     27
Magic:  38/38      EV: 22    Int: 28 (29) God:    Nemelex Xobeh [******]
Gold:   5469       SH: 10    Dex: 14 (15) Spells: 1/69 levels left

rFire   + . .        a - staff of Ongaplag {rF+ Str+2 Stlth+ Fire}
rCold   + + .        g - +3 buckler {AC+3}
rNeg    + . .        i - +0 faerie dragon scales {rN+ rCorr Str+7 Int+3 Dex-2}
rPois   +            v - +2 helmet
rElec   +            t - +2 cloak {Will+}
rCorr   +            Y - +2 pair of gloves {Dex+3}
SInv    +            T - +0 pair of boots of Altruism {rElec}
Will    +++..        q - amulet of magic regeneration
Stlth   ++           r - ring "Cuaschoqio" {rPois rC+ EV+5 Stlth+}
HPRegen 0.51/turn    j - ring of Oluneotu {Fly rC+ SInv Stlth+}
MPRegen 0.66/turn

%: no passive effects
@: flying, studying 2 skills
A: explore regen, claws 1, clumsy 1, low MP 2, screaming 1, no potion heal 1,
subdued magic 1
0: Orb of Zot
}: 4/15 runes: decaying, serpentine, slimy, silver
a: Renounce Religion, Draw Escape, Draw Destruction, Draw Summoning, Draw Stack,
Triple Draw, Deal Four, Stack Five


You escaped.
You worshipped Nemelex Xobeh.
Nemelex Xobeh was exalted by your worship.
You visited 12 branches of the dungeon, and saw 56 of its levels.
You visited the Abyss 1 time.
You visited 1 bazaar.
You also visited: Trove, Ice Cave and Wizlab.

You collected 13250 gold pieces.
You spent 7781 gold pieces at shops.

Inventory:

Hand Weapons
 b - the +7 morningstar of Gloom {flame, Str+7 SInv}
   (You found it on level 11 of the Dungeon)

   Str+7:     It affects your strength (+7).
   SInv:      It lets you see invisible.
 Q - the +1 sling "Qomaploc" {drain, rF+ rC+ Dex+3}
   (You found it on level 3 of the Dungeon)

   Dex+3:     It affects your dexterity (+3).
   rF+:       It protects you from fire.
   rC+:       It protects you from cold.
Missiles
 L - a throwing net
 R - 21 curare-tipped darts
Armour
 g - a +3 buckler of protection (worn)
 i - the +0 faerie dragon scales (worn) {rN+ rCorr Str+7 Int+3 Dex-2}
   (You took it off the Enchantress on level 2 of the Depths)

   Str+7:     It affects your strength (+7).
   Int+3:     It affects your intelligence (+3).
   Dex-2:     It affects your dexterity (-2).
   rN+:       It protects you from negative energy.
   rCorr:     It protects you from acid and corrosion.
 n - a +2 kite shield of protection
 t - a +2 cloak of willpower (worn)
 v - a +2 helmet (worn)
 G - the orb "Soclal" {*channel, Stlth+}
   (You acquired it on level 7 of the Dungeon)

   Stlth+:    It makes you more stealthy.
 T - the +0 pair of boots of Altruism (worn) {rElec}
   (You bought it in a shop on level 2 of the Orcish Mines)

   rElec:     It insulates you from electricity.
 Y - a +2 pair of gloves of dexterity (worn)
Magical Staves
 a - the staff of Ongaplag (weapon) {rF+ Str+2 Stlth+ Fire}
   (You found it on level 3 of the Depths)

   [staff of fire]

   Base accuracy: +5 Base damage: 5 Base attack delay: 1.2 This weapon's minimum
   attack delay (0.6) is reached at skill level 12.
   Str+2:     It affects your strength (+2).
   rF+:       It protects you from fire.
   Stlth+:    It makes you more stealthy.
   Fire:      It increases the power of your Fire spells.
   It falls into the 'Staves' category.
   It is a one-handed weapon.
Jewellery
 j - the ring of Oluneotu (right hand) {Fly rC+ SInv Stlth+}
   (You acquired it on level 5 of the Dungeon)

   [ring of protection from cold]

   rC+:       It protects you from cold.
   SInv:      It lets you see invisible.
   Fly:       It grants you flight.
   Stlth+:    It makes you more stealthy.
 q - an amulet of magic regeneration (around neck)
 r - the ring "Cuaschoqio" (left hand) {rPois rC+ EV+5 Stlth+}
   (You took it off a deep elf zephyrmancer on level 3 of the Elven Halls)

   [ring of evasion]

   EV+5:      It affects your evasion (+5).
   rC+:       It protects you from cold.
   rPois:     It protects you from poison Stlth+: It makes you more stealthy.
 D - an amulet of reflection
 J - a ring of willpower
 M - a ring of protection from fire
Wands
 f - a wand of mindburst (71)
 o - a wand of digging (15)
 w - a wand of flame (66) (quivered)
 P - a wand of roots (37)
 Z - a wand of quicksilver (32)
Scrolls
 c - 3 scrolls of poison
 d - 6 scrolls of silence
 k - 5 scrolls of revelation
 s - 3 scrolls of summoning
 u - 6 scrolls of immolation
 y - 5 scrolls of enchant weapon
 E - 9 scrolls of teleportation
 I - 7 scrolls of enchant armour
 K - 19 scrolls of noise
 O - 7 scrolls of fog
 V - 5 scrolls of fear
Potions
 e - 8 potions of lignification
 h - 10 potions of haste
 l - 8 potions of mutation
 m - 2 potions of heal wounds
 p - 4 potions of cancellation
 x - 4 potions of invisibility
 z - 8 potions of might
 A - 8 potions of brilliance
 C - 23 potions of curing
 F - 3 potions of magic
 H - 6 potions of enlightenment
 N - 5 potions of resistance
 U - 8 potions of berserk rage
 X - a potion of attraction
Miscellaneous
 S - a lightning rod (4/4)
 W - a box of beasts


   Skills:
 - Level 10.0 Fighting
 - Level 8.5(10.1) Maces & Flails
 - Level 8.3(10.0) Staves
 - Level 3.0 Ranged Weapons
 - Level 1.0 Throwing
 - Level 12.0 Armour
 - Level 12.0 Dodging
 - Level 2.0 Stealth
 - Level 12.0 Shields
 + Level 21.7 Spellcasting
 * Level 26.1 Conjurations
 - Level 2.0 Hexes
 + Level 14.5 Summonings
 - Level 3.0 Translocations
 O Level 27 Fire Magic
 - Level 3.0 Ice Magic
 - Level 3.0 Air Magic
 - Level 5.0 Earth Magic
 - Level 10.0 Invocations
 - Level 6.0 Evocations


You had one spell level left.
You knew the following spells:

 Your Spells              Type           Power      Damage    Failure   Level
a - Spellforged Servitor  Conj/Summ      42%        N/A       1%          7
b - Plasma Beam           Fire/Air       46%        2x1d61    1%          6
c - Bombard               Conj/Erth      37%        9d6       1%          6
e - Starburst             Conj/Fire      59%        6d16      0%          6
f - Fire Storm            Conj/Fire      59%        8d15      2%          9
g - Iskenderun's Battles  Conj           94%        2d14      0%          5
h - Iskenderun's Mystic   Conj/Tloc      72%        2d15      1%          4
i - Blink                 Tloc           72%        N/A       1%          2
j - Ignition              Fire           59%        3d16      1%          8
k - Summon Lightning Spi  Summ/Air       57%        N/A       1%          4
o - Orb of Destruction    Conj           47%        9d12      0%          7
s - Sticky Flame          Fire/Alch      89%        2d13      1%          4

Your spell library contained the following spells:

 Spells                   Type           Power      Damage    Failure   Level
 Foxfire                  Conj/Fire      100%       2x1d9     0%          1
 Magic Dart               Conj           100%       1d8       0%          1
 Shock                    Conj/Air       100%       1d9       0%          1
 Sting                    Conj/Alch      100%       1d9       0%          1
 Summon Small Mammal      Summ           100%       N/A       0%          1
 Apportation              Tloc           72%        N/A       1%          1
 Freeze                   Ice            100%       1d10      1%          1
 Necrotise                Necr           92%        1d8       1%          1
 Sandblast                Erth           88%        2d18      1%          1
 Call Imp                 Summ           100%       N/A       0%          2
 Momentum Strike          Conj/Tloc      100%       3d10      0%          2
 Scorch                   Fire           100%       2d9       0%          2
 Searing Ray              Conj           100%       2d8       0%          2
 Call Canine Familiar     Summ           72%        N/A       0%          3
 Dazzling Flash           Conj/Hex       100%       N/A       0%          3
 Hailstorm                Conj/Ice       72%        3d13      0%          3
 Inner Flame              Hex/Fire       91%        N/A       0%          3
 Stone Arrow              Conj/Erth      100%       3d13      0%          3
 Volatile Blastmotes      Fire/Tloc      100%       2d18      0%          3
 Brom's Barrelling Bould  Conj/Erth      74%        2d9       0%          4
 Flame Wave               Conj/Fire      100%       2d21      0%          4
 Fireball                 Conj/Fire      59%        3d23      0%          5
 Cigotuvi's Dreadful Rot  Necr/Alch/Air  54%        N/A       1%          2
 Ensorcelled Hibernation  Hex/Ice        68%        N/A       1%          2
 Lesser Beckoning         Tloc           72%        N/A       1%          2
 Mercury Vapours          Alch/Air       58%        N/A       1%          2
 Sublimation of Blood     Necr           23%        N/A       1%          2
 Frozen Ramparts          Ice            72%        1d11      1%          3
 Gell's Gravitas          Tloc           36%        N/A       1%          3
 Mephitic Cloud           Conj/Alch/Air  60%        N/A       1%          3
 Ozocubu's Armour         Ice            36%        N/A       1%          3
 Passwall                 Erth           44%        N/A       1%          3
 Summon Ice Beast         Ice/Summ       57%        N/A       1%          3
 Swiftness                Air            36%        N/A       1%          3
 Teleport Other           Tloc           36%        N/A       1%          3
 Animate Armour           Summ/Erth      100%       N/A       1%          4
 Fulminant Prism          Conj/Alch      34%        3d16      1%          4
 Ignite Poison            Fire/Alch      89%        N/A       1%          4
 Arcjolt                  Conj/Air       36%        1d46      1%          5
 Freezing Cloud           Conj/Ice/Air   31%        6-21      1%          5
 Irradiate                Conj/Alch      34%        3d23      1%          5
 Summon Forest            Summ/Tloc      28%        N/A       1%          5
 Conjure Ball Lightning   Conj/Air       36%        3x3d12    1%          6
 Summon Cactus Giant      Summ           36%        N/A       1%          6
 Fugue of the Fallen      Necr           23%        N/A       3%          3
 Vampiric Draining        Necr           23%        2d7       3%          3
 Airstrike                Air            18%        2d(3-19)  3%          4
 Manifold Assault         Tloc           36%        N/A       3%          4
 Vhi's Electric Charge    Tloc/Air       72%        N/A       3%          4
 Leda's Liquefaction      Alch/Erth      17%        N/A       4%          4
 Petrify                  Alch/Erth      34%        N/A       4%          4
 Lee's Rapid Deconstruct  Erth           22%        3d12*     4%          5
 Anguish                  Hex/Necr       13%        N/A       9%          4
 Olgreb's Toxic Radiance  Alch           23%        N/A       14%         4
 Metabolic Englaciation   Hex/Ice        17%        N/A       14%         5
 Silence                  Hex/Air        17%        N/A       14%         5
 Lehudib's Crystal Spear  Conj/Erth      37%        10d9      16%         8
 Curse of Agony           Necr           23%        N/A       38%         5
 Haunt                    Necr/Summ      26%        N/A       54%         7
 Sculpt Simulacrum        Ice/Alch       14%        N/A       77%         6
 Ozocubu's Refrigeration  Ice            18%        4d11      98%         7
 Discord                  Hex            15%        N/A       100%        8
 Disjunction              Tloc           18%        N/A       100%        8
 Maxwell's Capacitive Co  Air            18%        ∞         100%        8
 Polar Vortex             Ice            18%        12d2*     100%        9


Dungeon Overview and Level Annotations

Branches:
Dungeon (15/15)            Temple (1/1) D:7            Lair (5/5) D:11
  Swamp (4/4) Lair:2        Snake (4/4) Lair:3        Slime (5/5) Lair:5
    Orc (2/2) D:12            Elf (3/3) Orc:2        Vaults (5/5) D:13
  Crypt (3/3) Vaults:2       Tomb (0/3) Crypt:3      Depths (4/4) D:15
    Zot (5/5) Depths:4      IceCv (visited)          WizLab (visited)

Altars:
Ashenzari
Cheibriados
Dithmenos
Elyvilon
Fedhas
Gozag
Hepliaklqana
Kikubaaqudgha
Makhleb
Nemelex Xobeh
Okawaru
Qazlal
Ru
Sif Muna
Trog
Uskayaw
Vehumet
Wu Jian
Xom
Yredelemnul
Zin
The Shining One
Lugonu

Shops:
D:4 !!**:   Orc:1 (   Orc:2 [[(?   Elf:1 (   Elf:2 *[*=   Elf:3 *   Snake:2 [
Snake:3 ?   Vaults:1 ?   Vaults:2 :   Depths:2 [*   Depths:3 (   Depths:4 (

Portals:
Hell: Depths:1 Depths:2 Depths:3 Depths:4
Abyss: D:7 Depths:3 Depths:4
Pandemonium: Depths:2
Ziggurat: Depths:2

Annotations:
Lair:5 exclusion: obsidian statue
Crypt:2 exclusion: curse skull


Innate Abilities, Weirdness & Mutations

You regain HP and MP as you explore.
You have sharp fingernails.
You are clumsy. (Dex -2)
Your magical capacity is very low. (-20% MP)
You occasionally shout uncontrollably at your foes.
Potions are less effective at restoring your health.
Your spells are a little easier to cast, but a little less powerful.


Message History

The rock shatters into small pieces.
You feel your willpower return.
There is a stone staircase leading up here.
You fly upwards.
There is a stone staircase leading down here.
There is a stone staircase leading up here.
You fly upwards.
There is a stone staircase leading down here.
There is an open door here.
There is a stone staircase leading up here.
You fly upwards.
There is a stone staircase leading down here.
There is an escape hatch in the ceiling here.
A mysterious force pulls you upwards. The hatch slams shut behind you.
There is a stone staircase leading up, spattered with blood here.
You fly upwards.
There is a stone staircase leading down here.
You see here a +0 leather armour.
There is a stone staircase leading up here.
You fly upwards.
There is a stone staircase leading down here.
There is an open door here.
There is an open door here.
A shadow demon comes into view.
Casting: Ignition (mildly dangerous; 1% risk of failure)
Confirm with . or Enter, or press ? or * to list all spells.
You summon a servant imbued with your destructive magic!
Unknown command.
A reaper comes into view. It is wielding a +4 scythe of venom.
Your spellforged servitor conjures an orb of pure magic.
Something hits your spellforged servitor!
Something drags your spellforged servitor backwards!
There is an open door here.
Aiming: Dig
Press: ? - help, Shift-Dir - straight line A rock wall.
This square is covered in magical glow.
The rock shatters into small pieces.
There is a staircase leading out of the dungeon here.
You have escaped!

..#.........#####.'....# #
..##........##..#'#....# ###
..#........#......#+#### #..
.^...........##.......## #..
#.....#.......#'##.....########..
#.....#...#...#..####....#.2.....
#.....#.#.....#..####'#...○......
#.....#.##............####.......
......#.......#.@##...####.......
..............##########.........
..##......##.......>.....#.......
..###....###..#.###.######.......
#..###..###..##.....# #.......
#...######...##.##### ########
#....# #....##.# #....# #....##.#
#...######...)..#


There were no monsters in sight!

Vanquished Creatures
  the Royal Jelly (Slime:5)
  2 ancient liches
  2 dread liches
  11 orbs of fire
  3 curse toes
  the Lernaean hydra (Swamp:4)
  Vashnia (Snake:4)
  5 Killer Klowns
  Jory (Vaults:2)
  17 golden dragons
  A bone dragon (Depths:2)
  Nikola (Snake:2)
  A Tzitzimitl (Depths:3)
  3 doom hounds
  2 electric golems (Zot:5)
  4 liches
  15 tentacled monstrosities
  Mlioglotl (Snake:4)
  13 Orb Guardians (Zot:5)
  Grunn (Depths:3)
  2 deep elf master archers (Elf:3)
  4 titans
  11 quicksilver dragons
  2 deep elf blademasters (Elf:3)
  15 acid blobs
  5 sphinxes
  A walking divine tome (Depths:4)
  2 ancient champions
  2 Executioners (Depths:3)
  Gastronok (Lair:3)
  7 death cobs
  7 tengu reavers
  8 shadow dragons
  4 thorn hunters
  A tentacled starspawn (Abyss:2)
  Donald (D:13)
  8 storm dragons
  7 azure jellies
  4 nagarajas
  3 protean progenitors
  7 rockslimes
  7 fire giants
  11 draconian knights
  16 draconian monks
  5 revenants
  14 frost giants
  11 deep elf sorcerers
  4 balrugs
  6 draconian scorchers
  10 deep elf elementalists
  A war gargoyle (Vaults:2)
  4 iron dragons
  5 ghost moths
  2 curse skulls
  A juggernaut zombie (Crypt:2)
  7 draconian stormcallers
  A reaper (Depths:2)
  9 ghouls
  15 draconian shifters
  12 vault wardens
  3 orc warlords
  A juggernaut skeleton (Crypt:1)
  3 cacodemons
  16 ironbound preservers
  4 spriggan defenders (Depths:2)
  12 draconian annihilators
  17 quicksilver oozes
  24 very ugly things
  4 eleionomae
  16 green draconians
  4 ironbound thunderhulks
  10 formless jellyfish
  17 stone giants
  8 deep elf demonologists
  6 vampire knights
  The ghost of Phlounder the Mimic, a journeyman TrSh of Makhleb (Orc:2)
  14 yellow draconians
  3 deep elf annihilators
  8 deep elf death magi
  18 white draconians
  3 lorocyprocas
  20 purple draconians
  24 red draconians
  6 spark wasps
  2 minotaurs
  16 dire elephants
  19 black draconians
  A bunyip (Swamp:4)
  Azrael (D:15)
  A starcursed mass (Abyss:2)
  Snorg (D:10)
  2 green deaths
  5 ettins
  7 eidola
  11 fire dragons
  2 blizzard demons (WizLab)
  7 yaktaur captains
  A shambling mangrove (Swamp:3)
  Fannar (Lair:3)
  7 deep elf high priests
  The ghost of kaesle the Cleaver, a journeyman HOFi of Yredelemnul (D:11)
  6 ice dragons
  Harold (D:9)
  6 great orbs of eyes
  5 rakshasas
  3 entropy weavers
  5 spriggan air magi
  An anaconda (shapeshifter) (Depths:2)
  A fenstrider witch zombie (Crypt:2)
  Erolcha (D:10)
  17 hydras
  2 salamander tyrants (Snake:4)
  8 ogre magi
  40 vault guards
  The ghost of Xesmix the Bewitcher, a journeyman FeEn of Uskayaw (D:14)
  An Orb Guardian zombie (Crypt:2)
  2 death knights (Crypt:2)
  14 alligators
  8 ironbound frosthearts
  5 hell beasts
  A spriggan skeleton (Crypt:1)
  A sphinx zombie (Crypt:1)
  Erica (D:11)
  19 centaur warriors
  4 boulder beetles
  7 anacondas
  8 deep troll shamans
  5 vampire magi
  34 two-headed ogres
  8 deep troll earth magi
  13 naga warriors
  5 shock serpents
  6 death yaks
  34 dancing weapons
  5 tengu warriors
  A thrashing horror (Abyss:4)
  5 spriggan berserkers
  28 hell knights
  6 occultists
  4 orc high priests
  A fire crab (Swamp:1)
  Urug (Lair:3)
  18 naga sharpshooters
  2 sun demons (Abyss:2)
  17 deep elf knights
  2 soul eaters (WizLab)
  The ghost of grandjackal the Fighter, a novice DsGl of Nemelex Xobeh (D:7)
  3 skysharks
  11 shadow wraiths
  A sixfirhy (WizLab)
  4 salamander mystics
  A bunyip zombie (Swamp:2)
  14 bog bodies
  A spectral anaconda (Lair:5)
  60 deep trolls
  2 glowing orange brains
  9 iron trolls
  4 goliath frogs (Swamp:2)
  A sea snake (Snake:1)
  An orb spider (shapeshifter) (Depths:2)
  6 death drakes
  2 glowing orange brains (shapeshifter)
  3 flayed ghosts (Crypt:3)
  3 spriggan druids
  2 shadow demons (WizLab)
  14 swamp dragons
  5 naga ritualists
  24 phantasmal warriors
  A spriggan simulacrum (Crypt:2)
  10 deep elf archers
  6 arcanists
  14 lindwurms
  12 mana vipers
  A steelbarb worm (Zot:3)
  4 harpies (Vaults:2)
  27 deep elf pyromancers
  16 necromancers
  15 ironbound convokers
  24 deep elf zephyrmancers
  43 ugly things
  2 alligator zombies
  A wolf spider (Zot:1)
  9 salamanders
  11 orc knights
  3 will-o-the-wisps
  2 orc sorcerers
  9 cyclopes
  A wolf spider (shapeshifter) (Vaults:5)
  Maurice (D:9)
  25 moths of wrath
  An iron dragon skeleton (Crypt:3)
  An ice statue (IceCv)
  3 manticores
  4 shining eyes
  37 black mambas
  2 rust devils (WizLab)
  A kobold blastminer (Orc:2)
  An apocalypse crab (Abyss:2)
  19 naga magi
  6 guardian serpents
  2 gargoyles
  A titan simulacrum (Crypt:1)
  2 dire elephant zombies (Lair:5)
  17 elephants
  5 smoke demons (WizLab)
  6 eyes of devastation
  16 vault sentinels
  4 orange demons
  14 cane toads
  A torpor snail (Lair:5)
  5 rime drakes
  2 centaur skeletons (D:15)
  Maggie (D:9)
  10 komodo dragons
  An iron troll zombie (Crypt:3)
  22 yaktaurs
  2 efreet
  A tormentor (WizLab)
  17 freezing wraiths
  A green draconian zombie (Crypt:1)
  A tengu conjurer (D:13)
  2 bunyip simulacra
  2 red devils (WizLab)
  11 tyrant leeches
  2 harpy zombies
  A merfolk (shapeshifter) (Depths:4)
  A minotaur skeleton (Crypt:3)
  A purple draconian skeleton (Crypt:3)
  A bloated husk (Swamp:2)
  4 trolls
  13 hornets
  13 polar bears
  3 hellwings (WizLab)
  A hydra zombie (Swamp:2)
  A tarantella (Vaults:4)
  2 alligator simulacra
  A guardian serpent zombie (Crypt:3)
  A blink frog (shapeshifter) (Vaults:4)
  Grinder (D:6)
  2 harpy skeletons
  4 raiju (Abyss:2)
  A tarantella (shapeshifter) (Depths:3)
  Prince Ribbit (D:6)
  A wind drake (Zot:1)
  4 glass eyes
  8 blink frogs
  2 dream sheep (Lair:5)
  A spectral elephant (Lair:5)
  A spectral black mamba (Crypt:3)
  A jumping spider (Swamp:1)
  4 air elementals
  10 spriggans
  A fire dragon zombie (Crypt:1)
  3 culicivoras
  8 shadows
  114 slime creatures
  36 yaks
  A satyr skeleton (Crypt:2)
  4 fire elementals
  A yak (shapeshifter) (Abyss:2)
  A vampire (Depths:2)
  2 black mamba zombies
  6 wyverns
  14 wraiths
  A human (Snake:3)
  7 water elementals
  7 golden eyes
  6 basilisks
  A hog (Elf:1)
  20 vampire mosquitoes
  An alligator snapping turtle simulacrum (Crypt:1)
  2 death yak simulacra (Lair:5)
  2 steam dragons
  3 redbacks
  A catoblepas simulacrum (Crypt:2)
  A swamp worm (shapeshifter) (Depths:2)
  2 naga zombies (Crypt:2)
  A harpy simulacrum (Crypt:1)
  5 small abominations
  16 swamp worms
  42 nagas
  A hydra simulacrum (Swamp:2)
  4 acid dragons
  An acid dragon (shapeshifter) (D:14)
  4 hell hounds (D:15)
  11 water moccasins
  4 ice beasts
  24 orc warriors
  A swamp dragon zombie (Swamp:2)
  A lindwurm zombie (Crypt:2)
  A manticore zombie (Crypt:1)
  10 swamp drakes
  2 black bears
  3 sky beasts
  4 boggarts (Lair:2)
  A dream sheep zombie (Crypt:1)
  An elephant zombie (Lair:5)
  An elephant skeleton (Lair:5)
  42 wolves
  26 ogres
  2 centaurs
  A blink frog skeleton (Crypt:2)
  A swamp dragon skeleton (Crypt:3)
  A phantom (D:7)
  9 weeping skulls (Crypt:3)
  4 kobold brigands
  4 earth elementals
  3 necrophages (Crypt:3)
  A salamander skeleton (Crypt:2)
  12 bullfrogs
  2 gnoll sergeants
  2 cane toad simulacra (Lair:5)
  A scorpion (D:6)
  5 wights (D:7)
  A swamp dragon simulacrum (Swamp:2)
  4 elephant simulacra (Lair:5)
  12 killer bees
  3 electric eels
  8 howler monkeys
  A yak skeleton (Crypt:1)
  A bombardier beetle (D:5)
  A quasit (Abyss:4)
  A lava snake (Lair:4)
  2 centaur zombies
  5 hounds
  A human zombie (Crypt:1)
  24 orc priests
  A sleepcap (D:6)
  An iguana (D:5)
  27 orc wizards
  A brain worm zombie (Crypt:3)
  A naga skeleton (Crypt:3)
  A mummy (D:8)
  A howler monkey zombie (D:9)
  8 adders
  10 gnolls
  3 shadow imps
  A jelly zombie (Crypt:1)
  An adder skeleton (Crypt:2)
  5 worms
  A dart slug (D:2)
  96 orcs
  5 bats
  8 endoplasms
  5 giant cockroaches
  4 goblins
  9 hobgoblins
  3 jackals (D:3)
  15 kobolds
  4 quokkas
  6 ball pythons
  4 frilled lizards
  A kobold zombie (Crypt:1)
  A quokka skeleton (Crypt:3)
  5 rats
  An aspiring flesh (Zot:5)
  A foxfire (Swamp:4)
  A spectral weapon (Swamp:3)
2529 creatures vanquished.

Vanquished Creatures (collateral kills)
  An ancient lich (Zot:5)
  A dread lich (Zot:5)
  Saint Roka (Depths:2)
  the Enchantress (Depths:2)
  A bone dragon (Depths:3)
  2 Tzitzimimeh
  A Brimstone Fiend (Depths:3)
  Rupert (Lair:5)
  A tentacled monstrosity (Zot:5)
  14 Orb Guardians
  An acid blob (Lair:5)
  A rockslime (Slime:5)
  An azure jelly (WizLab)
  A draconian monk (Zot:3)
  A draconian knight (Zot:3)
  A draconian shifter (Zot:1)
  A fire giant (Depths:3)
  A balrug (Abyss:2)
  2 very ugly things
  A quicksilver ooze (Slime:5)
  A formless jellyfish (Slime:2)
  A draconian annihilator (Depths:4)
  A stone giant (Depths:2)
  A yellow draconian (Zot:3)
  A deep elf death mage (Vaults:2)
  4 white draconians
  A purple draconian (Depths:4)
  3 red draconians
  2 dire elephants (Lair:5)
  2 great orbs of eyes
  A vault guard (D:13)
  A spriggan air mage (Depths:2)
  A centaur warrior (D:13)
  A hydra (D:13)
  A boulder beetle (D:14)
  A dancing weapon (Elf:2)
  A death yak (Lair:5)
  A deep troll shaman (Depths:3)
  A naga sharpshooter (Snake:4)
  An occultist (Depths:3)
  A hell knight (Depths:4)
  A sun demon (Abyss:2)
  2 deep elf knights (Elf:2)
  A sea snake (Snake:2)
  A deep troll (Depths:2)
  2 lindwurms (Vaults:3)
  An orc knight (Vaults:1)
  An orc sorcerer (D:15)
  A salamander (Snake:2)
  A cyclops (D:13)
  2 black mambas
  A tengu conjurer (D:15)
  3 hornets (Depths:3)
  A tyrant leech (Zot:5)
  A glass eye (Swamp:4)
  3 dream sheep (Lair:5)
  5 slime creatures
  2 yaks (Lair:5)
  3 spriggans
  A hog (Zot:3)
  A hell hound (D:15)
  37 foxfires
134 creatures vanquished.

Vanquished Creatures (others)
  A draconian knight (Zot:3)
  A rakshasa (Depths:2)
  A hell knight (Vaults:5)
  A spriggan (Swamp:2)
  A hornet (Swamp:2)
  An orc warrior (Vaults:5)
  44 fire vortices
  4626 foxfires
  5 starspawn tentacles (Abyss:2)
4681 creatures vanquished.

Grand Total: 7344 creatures vanquished

Notes
Turn   | Place    | Note
-------+----------+-------------------------------------------
     0 | D:1      | Lobster4 the Human Fire Elementalist began the quest for
                  | the Orb.
     0 | D:1      | Reached XP level 1. HP: 13/13 MP: 3/3
   264 | D:1      | Reached XP level 2. HP: 19/19 MP: 5/5
   267 | D:1      | Learned a level 2 spell: Scorch
   887 | D:2      | Reached XP level 3. HP: 25/25 MP: 2/6
  1317 | D:2      | Reached skill level 1 in Armour
  1879 | D:3      | Reached XP level 4. HP: 31/31 MP: 7/7
  1898 | D:3      | Identified the +1 sling "Qomaploc" {drain, rF+ rC+ Dex+3}
  1929 | D:3      | Reached skill level 1 in Fighting
  1943 | D:3      | Reached XP level 5. HP: 37/37 MP: 2/8
  2404 | D:3      | Found a sacrificial altar of Ru.
  2856 | D:3      | Reached skill level 4 in Fire Magic
  3238 | D:4      | Found Meahepla's General Store.
  3291 | D:4      | Found Etidoh's Book Boutique.
  3464 | D:4      | Found Cohis's Distillery.
  3473 | D:4      | Bought a potion of heal wounds for 55 gold pieces
  3473 | D:4      | Bought a potion of brilliance for 44 gold pieces
  3473 | D:4      | Bought a potion of curing for 33 gold pieces
  3487 | D:4      | Found Taogiobi's Distillery.
  3495 | D:4      | Bought a potion of attraction for 39 gold pieces
  3560 | D:4      | Reached skill level 1 in Ranged Weapons
  3560 | D:4      | Reached XP level 6. HP: 43/43 MP: 6/9
  3856 | D:4      | Found Obreprach's General Store.
  4114 | D:4      | Found an ornate altar of the Wu Jian Council.
  4305 | D:4      | Reached skill level 1 in Evocations
  4433 | D:5      | Entered Level 5 of the Dungeon
  4438 | D:5      | Identified a scroll of acquirement
  4438 | D:5      | Acquired the ring of Oluneotu {Fly rC+ SInv Stlth+}
  4582 | D:5      | Noticed a black bear
  4625 | D:5      | Noticed a +0 falchion
  4625 | D:5      | Noticed a +0 short sword
  4626 | D:5      | Noticed a +0 falchion
  4626 | D:5      | Noticed a +0 spear
  4626 | D:5      | Noticed a +0 dagger
  4626 | D:5      | Noticed a +0 spear
  4627 | D:5      | Noticed a +0 short sword
  4845 | D:5      | Noticed a +0 dagger
  4855 | D:5      | Found a hide-covered altar of Uskayaw.
  4910 | D:5      | Reached XP level 7. HP: 50/50 MP: 6/11
  5704 | D:5      | Reached skill level 5 in Fire Magic
  5941 | D:6      | Reached XP level 8. HP: 55/57 MP: 1/13
  6101 | D:6      | Noticed Grinder
  6183 | D:6      | Identified the +2 ring mail "Ownig" {-Tele Harm rElec
                  | Regen+}
  6269 | D:6      | Found a shimmering altar of Xom.
  6274 | D:6      | Noticed Prince Ribbit
  6332 | D:6      | Killed Prince Ribbit
  6333 | D:6      | Reached skill level 6 in Fire Magic
  6592 | D:6      | Found a bloodstained altar of Trog.
  7096 | D:6      | Killed Grinder
  7097 | D:6      | Reached XP level 9. HP: 63/63 MP: 4/15
  7248 | D:7      | Reached skill level 7 in Fire Magic
  7330 | D:7      | Found a glowing golden altar of the Shining One.
  7362 | D:7      | Identified the +5 ring mail "Diqushrih" {+Blink}
  7674 | D:7      | Found a staircase to the Ecumenical Temple.
  7859 | D:7      | Found a one-way gate to the infinite horrors of the Abyss.
  7859 | D:7      | Noticed grandjackal's ghost (novice DsGl)
  7937 | D:7      | Noticed a rakshasa
  7955 | D:7      | Found a transporter.
  8031 | D:7      | Acquired the orb "Soclal" {*channel, Stlth+}
  8042 | D:7      | Learned a level 3 spell: Inner Flame
  8047 | D:7      | Learned a level 4 spell: Flame Wave
  8118 | D:7      | Reached skill level 5 in Conjurations
  8397 | D:7      | Reached skill level 5 in Spellcasting
  8404 | D:7      | Reached skill level 1 in Hexes
  8676 | D:7      | Reached skill level 1 in Throwing
  8676 | D:7      | Reached skill level 5 in Armour
  8676 | D:7      | Reached skill level 8 in Fire Magic
  8789 | Temple   | Entered the Ecumenical Temple
  8815 | Temple   | Became a worshipper of Nemelex Xobeh the Trickster
  9065 | D:7      | Found a transporter.
  9173 | D:7      | Found a shadowy altar of Dithmenos.
  9364 | D:8      | Reached skill level 1 in Invocations
  9468 | D:8      | Reached XP level 10. HP: 70/70 MP: 11/17
  9525 | D:8      | Found a snail-covered altar of Cheibriados.
 10441 | D:9      | Reached * piety under Nemelex Xobeh
 10655 | D:9      | Noticed Maggie
 10762 | D:9      | Noticed a two-headed ogre
 10778 | D:9      | Killed a two-headed ogre
 10997 | D:9      | Noticed Maurice
 11142 | D:9      | Received a gift from Nemelex Xobeh
 11161 | D:9      | Noticed Harold
 11175 | D:9      | Killed Harold
 11176 | D:9      | Reached skill level 9 in Fire Magic
 11481 | D:9      | Noticed a deep elf pyromancer
 11486 | D:9      | Killed a deep elf pyromancer
 11530 | D:9      | Reached XP level 11. HP: 78/78 MP: 10/20
 11590 | D:9      | Found a basalt altar of Yredelemnul.
 11672 | D:9      | Killed Maggie
 11844 | D:9      | Killed Maurice
 11941 | D:10     | Entered Level 10 of the Dungeon
 11947 | D:10     | Noticed Erolcha
 12090 | D:10     | Killed Erolcha
 12298 | D:10     | Noticed a two-headed ogre
 12308 | D:10     | Killed a two-headed ogre
 12378 | D:10     | Found a broken altar of Ashenzari.
 12525 | D:10     | Reached skill level 5 in Fighting
 12530 | D:10     | Reached skill level 5 in Dodging
 12872 | D:10     | Noticed Snorg
 12893 | D:10     | Reached skill level 10 in Fire Magic
 13164 | D:10     | Found a portal to a secret trove of treasure.
 13179 | Trove    | Entered a treasure trove
 13193 | Trove    | Got Sif Muna's Annotations on the Fulgent Inferno
 13195 | Trove    | Got the Handbook of Electric Frost
 13216 | Trove    | Identified the amulet "Zaz Ted" {Spirit rF++ Int-2}
 13365 | D:10     | Noticed a cyclops
 13376 | D:10     | Killed a cyclops
 13516 | D:10     | Noticed an angel
 13517 | D:10     | Found a glowing silver altar of Zin.
 13583 | D:10     | Learned a level 3 spell: Stone Arrow
 13609 | D:11     | Noticed Erica
 13685 | D:11     | Identified the +7 morningstar of Gloom {flame, Str+7 SInv}
 13738 | D:11     | Noticed a cyclops
 13747 | D:11     | Killed a cyclops
 13795 | D:11     | Found a runed translucent door.
 13796 | D:11     | Noticed kaesle's ghost (journeyman HOFi)
 13829 | D:11     | Reached skill level 5 in Evocations
 13981 | D:11     | Found Koidyex's Magic Scroll Shop.
 13984 | D:11     | Bought a scroll of identify for 30 gold pieces
 13984 | D:11     | Bought a scroll of identify for 30 gold pieces
 14381 | D:11     | Reached skill level 1 in Maces & Flails
 14408 | D:11     | Found a staircase to the Lair.
 14629 | D:11     | Reached skill level 1 in Earth Magic
 14766 | D:12     | Noticed a two-headed ogre
 14778 | D:12     | Killed a two-headed ogre
 14840 | D:12     | Noticed a purple ugly thing
 14841 | D:12     | Reached XP level 12. HP: 78/86 MP: 19/22
 14842 | D:12     | Reached skill level 5 in Invocations
 15454 | D:12     | Found a staircase to the Orcish Mines.
 15819 | D:12     | Reached skill level 11 in Fire Magic
 15824 | D:12     | Noticed a two-headed ogre
 15834 | D:12     | Killed a two-headed ogre
 16214 | D:13     | Noticed a four-headed hydra
 16541 | D:13     | Noticed a five-headed hydra
 16550 | D:13     | Killed a five-headed hydra
 16741 | D:13     | Received a gift from Nemelex Xobeh
 16850 | D:13     | Noticed a vault guard
 16854 | D:13     | Noticed a centaur warrior
 16864 | D:13     | Killed a centaur warrior
 16869 | D:13     | Killed a vault guard
 16892 | D:13     | Killed a four-headed hydra
 16977 | D:13     | Noticed a tengu warrior
 16985 | D:13     | Killed a tengu warrior
 16986 | D:13     | Reached XP level 13. HP: 91/91 MP: 24/24
 17068 | Orc:1    | Entered Level 1 of the Orcish Mines
 17068 | Orc:1    | Noticed an orc warlord
 17115 | Lair:1   | Entered Level 1 of the Lair of Beasts
 17145 | Lair:1   | Reached ** piety under Nemelex Xobeh
 17325 | Lair:1   | Reached skill level 12 in Fire Magic
 18295 | Lair:2   | Received a gift from Nemelex Xobeh
 18341 | Lair:2   | Reached skill level 5 in Maces & Flails
 18582 | Lair:2   | Identified the +4 scale mail "Yscher" {Harm +Inv rCorr
                  | Dex+3}
 18595 | Lair:2   | Reached *** piety under Nemelex Xobeh
 18602 | Lair:2   | Found a frozen archway.
 18607 | IceCv    | Entered an ice cave
 20124 | IceCv    | Reached skill level 13 in Fire Magic
 21037 | IceCv    | Identified the +0 plate armour "Kamogit" {rF++}
 21513 | Lair:2   | Found a staircase to the Swamp.
 21555 | Lair:2   | Reached XP level 14. HP: 82/98 MP: 20/26
 22550 | Lair:3   | Reached skill level 1 in Shields
 22595 | Lair:3   | Received a gift from Nemelex Xobeh
 22607 | Lair:3   | Noticed Urug
 22617 | Lair:3   | Killed Urug
 22881 | Lair:3   | Reached **** piety under Nemelex Xobeh
 22890 | Lair:3   | Found a staircase to the Snake Pit.
 22924 | Lair:3   | Noticed Gastronok
 23033 | Lair:3   | Noticed Fannar
 23048 | Lair:3   | Killed Fannar
 23417 | D:11     | Killed Erica
 23484 | D:11     | Bought a scroll of acquirement for 780 gold pieces
 23484 | D:11     | Acquired 1089 gold pieces
 23522 | D:11     | Killed kaesle's ghost
 23530 | D:11     | Identified the staff "Grim" {rElec Dex+4 Stlth- Necro Air
                  | Earth}
 23708 | D:10     | Killed Snorg
 23709 | D:10     | Reached skill level 14 in Fire Magic
 24149 | Lair:4   | Received a gift from Nemelex Xobeh
 24426 | Lair:4   | Reached skill level 10 in Armour
 24474 | Lair:4   | Reached skill level 10 in Conjurations
 24640 | Lair:4   | Found the +3 pair of seven-league boots {Rampage+∞}
 24700 | Lair:4   | Identified the +2 leather armour "Mocigifo" {rElec Int-5
                  | SInv}
 25264 | Lair:5   | Entered Level 5 of the Lair of Beasts
 25268 | Lair:5   | Noticed Rupert
 25463 | Lair:5   | Received a gift from Nemelex Xobeh
 25583 | Lair:5   | Noticed a dire elephant
 25583 | Lair:5   | Noticed a dire elephant
 25584 | Lair:5   | Noticed a dire elephant
 25713 | Lair:5   | Reached ***** piety under Nemelex Xobeh
 25713 | Lair:5   | Received a gift from Nemelex Xobeh
 26020 | Lair:5   | Learned a level 6 spell: Starburst
 26156 | Lair:4   | Reached XP level 15. HP: 81/103 MP: 23/28
 26277 | Lair:5   | Killed Rupert
 26278 | Lair:5   | Reached skill level 15 in Fire Magic
 26515 | Lair:5   | Found a runed translucent door.
 26517 | Lair:5   | Found a staircase to the Slime Pits.
 26517 | Lair:5   | Noticed an acid blob
 26517 | Lair:5   | Noticed an acid blob
 26518 | Lair:5   | Noticed an acid blob
 26991 | Lair:5   | Reached skill level 10 in Spellcasting
 27331 | Lair:5   | Identified the staff "Reclogg" {Dex+4 Earth}
 27752 | Lair:5   | Reached skill level 5 in Shields
 28675 | D:13     | Found a gate to the Vaults.
 28869 | D:14     | Received a gift from Nemelex Xobeh
 28900 | D:14     | Learned a level 4 spell: Sticky Flame
 28922 | D:14     | Found a runed translucent door.
 29140 | D:14     | Identified the +1 robe of Autotheism {rC+}
 29322 | D:14     | Found a runed translucent gate.
 29323 | D:14     | Found a runed translucent gate.
 29324 | D:14     | Found a runed translucent gate.
 29326 | D:14     | Noticed Xesmix's ghost (journeyman FeEn)
 29490 | D:14     | Identified the +4 war axe of Ywimupn {heavy, ^Fragile rElec
                  | rF++ Will-}
 29851 | D:15     | Entered Level 15 of the Dungeon
 29899 | D:15     | Received a gift from Nemelex Xobeh
 30144 | D:15     | Reached skill level 16 in Fire Magic
 30194 | D:15     | Reached XP level 16. HP: 109/109 MP: 21/30
 31311 | D:15     | Received a gift from Nemelex Xobeh
 31824 | D:15     | Found a staircase to the Depths.
 31833 | D:15     | Learned a level 4 spell: Iskenderun's Mystic Blast
 32260 | Orc:2    | Entered Level 2 of the Orcish Mines
 32508 | Orc:2    | Found a runed translucent gate.
 32508 | Orc:2    | Found a runed translucent gate.
 32508 | Orc:2    | Found a runed translucent gate.
 32509 | Orc:2    | Noticed Phlounder's ghost (journeyman TrSh)
 32876 | Orc:1    | You are sucked into a shaft and drop 1 floor!
 32961 | Orc:1    | Found Upsiq's Antique Weapon Emporium.
 33079 | Orc:2    | Found Wuamim's Antique Armour Emporium.
 33079 | Orc:2    | Found Wiodopp's Magic Scroll Shop.
 33079 | Orc:2    | Found Xiuret's Armour Boutique.
 33079 | Orc:2    | Found Yneon's Antique Weapon Emporium.
 33126 | Orc:2    | Bought a pair of faintly glowing boots for 247 gold pieces
 33126 | Orc:2    | Identified the +0 pair of boots of Altruism {rElec} (You
                  | bought it in a shop on level 2 of the Orcish Mines)
 33136 | Orc:2    | Bought a pair of embroidered gloves for 195 gold pieces
 33354 | Orc:2    | Received a gift from Nemelex Xobeh
 33511 | Orc:2    | Found a staircase to the Elven Halls.
 33689 | Orc:2    | Bought a +2 helmet for 165 gold pieces
 33920 | D:4      | Bought a book of the Spheres for 768 gold pieces
 33926 | D:4      | Learned a level 5 spell: Fireball
 33932 | D:4      | Learned a level 5 spell: Iskenderun's Battlesphere
 34154 | Elf:1    | Entered Level 1 of the Elven Halls
 34500 | Elf:1    | Found Jotreno's Weapon Emporium.
 34547 | Elf:1    | Reached skill level 17 in Fire Magic
 34601 | Elf:1    | Received a gift from Nemelex Xobeh
 34892 | Elf:1    | Reached XP level 17. HP: 115/115 MP: 28/32
 35542 | Elf:1    | Got the Secrets of Phantasmal Bombardment
 35912 | Elf:1    | Paralysed by an air elemental for 1 turns
 36320 | D:11     | Bought a scroll of enchant armour for 112 gold pieces
 36471 | Elf:2    | Found Eneak's Jewellery Shoppe.
 36605 | Elf:2    | Found Susirch's General Store.
 36626 | Elf:2    | Found a shimmering blue altar of Sif Muna.
 36626 | Elf:2    | Received a gift from Nemelex Xobeh
 36664 | Elf:2    | Found Amuogeut's Armour Shop.
 36676 | Elf:2    | Paralysed by an air elemental for 1 turns
 36741 | Elf:2    | Found Pint's General Store.
 37163 | Elf:2    | Found a runed translucent gate.
 37165 | Elf:2    | Found a runed translucent gate.
 37166 | Elf:2    | Found a runed translucent gate.
 37670 | Elf:3    | Entered Level 3 of the Elven Halls
 37670 | Elf:3    | Received a gift from Nemelex Xobeh
 37681 | Elf:3    | Found Qeun's CLEARANCE SALE!.
 37701 | Elf:3    | Reached ****** piety under Nemelex Xobeh
 39041 | Elf:3    | Noticed a deep elf blademaster
 39048 | Elf:3    | Killed a deep elf blademaster
 39080 | Elf:3    | Noticed a deep elf blademaster
 39095 | Elf:3    | Killed a deep elf blademaster
 39470 | Elf:3    | Noticed a deep elf master archer
 39478 | Elf:3    | Killed a deep elf master archer
 39479 | Elf:3    | Reached XP level 18. HP: 77/121 MP: 20/33
 39694 | Elf:3    | Identified the ring "Cuaschoqio" {rPois rC+ EV+5 Stlth+}
 39751 | Elf:3    | Reached skill level 18 in Fire Magic
 39801 | Elf:3    | Identified the ring of Wishful Thinking {Fly rN+}
 39825 | Elf:3    | Reached skill level 10 in Invocations
 40046 | Elf:3    | Noticed a deep elf master archer
 40052 | Elf:3    | Killed a deep elf master archer
 40270 | Elf:3    | Identified the +3 scimitar of Quick Death {flame, rCorr}
 40580 | Elf:3    | Noticed a Hell Sentinel
 40721 | Elf:3    | Noticed a Hell Sentinel
 40724 | Elf:3    | a Hell Sentinel changed into a green death
 40854 | Elf:3    | Identified the staff of the Feeding Moth {rPois rF+ rC+
                  | Int+2 Ice}
 40887 | Elf:3    | Got the Annotations on Shifting and Allies
 40930 | Elf:3    | Identified the +1 arbalest of Verdant Honour {speed, rC++
                  | Str+2}
 41401 | Lair:3   | Killed Gastronok
 41672 | Snake:1  | Entered Level 1 of the Snake Pit
 41673 | Snake:1  | Upgraded the game from 0.31-a0-1388-g4b2ba238e7 to
                  | 0.31-a0-1405-g2bb1a01664
 41684 | Snake:1  | Received a gift from Nemelex Xobeh
 42127 | Snake:1  | Reached skill level 1 in Staves
 42354 | Snake:1  | Received a gift from Nemelex Xobeh
 43720 | Snake:2  | Noticed Nikola
 43730 | Snake:2  | Killed Nikola
 43732 | Snake:2  | Received a gift from Nemelex Xobeh
 45569 | Snake:2  | Found Sesux's Antique Armour Boutique.
 45572 | Snake:2  | Bought a steaming buckler for 218 gold pieces
 45572 | Snake:2  | Identified the +0 buckler of Dogma {+Blink} (You bought it
                  | in a shop on level 2 of the Snake Pit)
 46458 | Snake:3  | Reached XP level 19. HP: 119/128 MP: 17/35
 47841 | Snake:3  | Reached skill level 1 in Ice Magic
 48086 | Snake:3  | Received a gift from Nemelex Xobeh
 48500 | Snake:3  | Found Zyrr's Magic Scroll Emporium.
 48507 | Snake:3  | Bought a scroll of acquirement for 832 gold pieces
 48507 | Snake:3  | Acquired 996 gold pieces
 48660 | Snake:4  | Entered Level 4 of the Snake Pit
 48743 | Snake:4  | Identified the +9 sling of the Apocalypse {heavy, rCorr}
 49044 | Snake:4  | Reached skill level 10 in Shields
 49241 | Snake:4  | Received a gift from Nemelex Xobeh
 49349 | Snake:4  | Noticed Vashnia
 50097 | Snake:4  | Killed Vashnia
 50098 | Snake:4  | Reached skill level 1 in Translocations
 50674 | Snake:4  | Noticed Mlioglotl
 50694 | Snake:4  | Killed Mlioglotl
 50983 | Snake:4  | Reached skill level 19 in Fire Magic
 51911 | Snake:4  | Got a serpentine rune of Zot
 52214 | Swamp:1  | Entered Level 1 of the Swamp
 52365 | Swamp:1  | Received a gift from Nemelex Xobeh
 53433 | Swamp:1  | Reached XP level 20. HP: 125/135 MP: 29/36
 53576 | Swamp:2  | Identified the ring "Nann" {Wiz *Slow rPois Str+2 Dex+2}
 53666 | Swamp:2  | Identified the +0 leather armour "Vefuiwk" {Str+4 Int+3}
 53738 | Swamp:2  | Received a gift from Nemelex Xobeh
 54416 | Swamp:3  | Received a gift from Nemelex Xobeh
 54879 | Swamp:4  | Entered Level 4 of the Swamp
 55498 | Swamp:4  | Noticed the 27-headed Lernaean hydra
 55510 | Swamp:4  | Killed the 27-headed Lernaean hydra
 55547 | Swamp:3  | Reached skill level 20 in Fire Magic
 55780 | Swamp:4  | Received a gift from Nemelex Xobeh
 55787 | Swamp:4  | Got a decaying rune of Zot
 56574 | Vaults:1 | Entered Level 1 of the Vaults
 56817 | Snake:2  | Bought a dazzling ring mail for 207 gold pieces
 56817 | Snake:2  | Identified the +10 ring mail of Wu Jian {-Cast Rampage
                  | Str+3} (You bought it in a shop on level 2 of the Snake
                  | Pit)
 56820 | Snake:2  | Acquired the +1 pair of boots of Context {Regen+}
 57010 | D:13     | Acquired a +0 helmet of see invisible
 57175 | Vaults:1 | Received a gift from Nemelex Xobeh
 57687 | Vaults:1 | Noticed Donald
 57706 | D:13     | Killed Donald
 58853 | Vaults:1 | Found Duriqis's Magic Scroll Shoppe.
 58861 | Vaults:1 | Bought a scroll of blinking for 135 gold pieces
 58861 | Vaults:1 | Bought a scroll of acquirement for 936 gold pieces
 58863 | Vaults:1 | Acquired 714 gold pieces
 58865 | Vaults:1 | Bought a scroll of revelation for 135 gold pieces
 59438 | Vaults:1 | Received a gift from Nemelex Xobeh
 59806 | Vaults:1 | Reached XP level 21. HP: 141/141 MP: 15/38
 60370 | Vaults:2 | Found Ehyxkeh's Book Emporium.
 60407 | Vaults:2 | Reached skill level 15 in Conjurations
 60557 | Vaults:2 | Reached skill level 21 in Fire Magic
 60624 | Vaults:2 | Noticed Jory
 60640 | Vaults:2 | Killed Jory
 60670 | Vaults:2 | Received a gift from Nemelex Xobeh
 60773 | Vaults:2 | Found a magical portal.
 60782 | WizLab   | Entered The Hall of the Hellbinder
 60948 | WizLab   | Reached skill level 5 in Staves
 61747 | WizLab   | Noticed a dread lich
 61758 | WizLab   | Killed a dread lich
 62120 | WizLab   | Got Sif Muna's Anthology of the Comitatus
 62134 | WizLab   | Learned a level 8 spell: Ignition
 62185 | WizLab   | Found a burning altar of Makhleb.
 62314 | WizLab   | Noticed Tarah
 62318 | WizLab   | Tarah the Hellbinder changed into Tarah the azure jelly
 62347 | WizLab   | Identified the +5 dagger of Yhiceim {heavy, rC+}
 62721 | Vaults:2 | Reached skill level 1 in Summonings
 63449 | Vaults:2 | Found a staircase to the Crypt.
 63490 | Vaults:2 | Received a gift from Nemelex Xobeh
 63667 | Vaults:2 | Received a gift from Nemelex Xobeh
 65703 | Vaults:3 | Reached XP level 22. HP: 145/147 MP: 29/40
 66182 | Vaults:3 | Received a gift from Nemelex Xobeh
 66414 | Vaults:3 | Reached skill level 22 in Fire Magic
 67527 | Vaults:3 | Received a gift from Nemelex Xobeh
 68491 | Vaults:4 | Found a flickering gateway to a bazaar.
 68497 | Bazaar   | Entered a bazaar
 68498 | Bazaar   | Found Makuikh's Magic Scroll Boutique.
 68498 | Bazaar   | Found Teemmezu's Assorted Antiques.
 68499 | Bazaar   | Found Aghifit's Jewellery Emporium.
 68530 | Bazaar   | Found Fergh's Book Emporium.
 68549 | Bazaar   | Bought a scroll of acquirement for 468 gold pieces
 68549 | Bazaar   | Acquired 1086 gold pieces
 68551 | Bazaar   | Bought a scroll of teleportation for 27 gold pieces
 68562 | Bazaar   | Bought the Papyrus of the Destructive Wayfarer for 336 gold
                  | pieces
 68573 | Bazaar   | Bought a scroll of fog for 36 gold pieces
 68633 | Vaults:4 | Reached skill level 5 in Summonings
 69429 | Vaults:4 | Received a gift from Nemelex Xobeh
 69461 | Vaults:4 | Reached skill level 15 in Spellcasting
 70616 | Crypt:1  | Entered Level 1 of the Crypt
 71215 | Crypt:1  | Received a gift from Nemelex Xobeh
 73423 | Crypt:2  | Received a gift from Nemelex Xobeh
 74522 | Crypt:2  | Received a gift from Nemelex Xobeh
 75482 | Crypt:3  | Entered Level 3 of the Crypt
 75692 | Crypt:3  | Found a staircase to the Tomb.
 75713 | Crypt:3  | Reached XP level 23. HP: 154/154 MP: 22/42
 76830 | Crypt:3  | Received a gift from Nemelex Xobeh
 77607 | Crypt:3  | Reached skill level 23 in Fire Magic
 77870 | Crypt:3  | Found a basalt altar of Yredelemnul.
 78563 | Crypt:3  | Found the +8 Vampire's Tooth {megavamp}
 78620 | Crypt:3  | Identified the +0 morningstar of Propriety {pain, Str+3}
 80229 | Depths:1 | Entered Level 1 of the Depths
 81473 | D:15     | Noticed Azrael
 81477 | D:15     | Killed Azrael
 81808 | D:14     | Identified the +0 chain mail "Fiezer" {rC+ Dex+2 SInv}
 82044 | D:7      | Killed grandjackal's ghost
 82248 | D:7      | Upgraded the game from 0.31-a0-1405-g2bb1a01664 to
                  | 0.31-a0-1424-g2add1c7226
 82406 | Orc:2    | Killed Phlounder's ghost
 82986 | Elf:2    | Received a gift from Nemelex Xobeh
 83538 | Elf:2    | Reached skill level 10 in Summonings
 85018 | D:15     | Found a staircase to the Depths.
 85865 | Snake:3  | Bought a scroll of blinking for 120 gold pieces
 86238 | Depths:1 | Reached XP level 24. HP: 163/163 MP: 33/43
 86243 | Depths:1 | Learned a level 4 spell: Summon Lightning Spire
 86485 | Depths:1 | Reached skill level 1 in Air Magic
 87134 | D:4      | Bought a potion of magic for 88 gold pieces
 87134 | D:4      | Bought a potion of heal wounds for 55 gold pieces
 87146 | D:4      | Bought a potion of cancellation for 104 gold pieces
 87146 | D:4      | Bought a potion of cancellation for 104 gold pieces
 87146 | D:4      | Bought a potion of heal wounds for 65 gold pieces
 87146 | D:4      | Bought a potion of resistance for 130 gold pieces
 87514 | Depths:1 | Found a gateway to Hell.
 87540 | Depths:1 | Reached skill level 24 in Fire Magic
 87814 | Depths:1 | Received a gift from Nemelex Xobeh
 88998 | Depths:2 | Noticed the Enchantress
 89008 | Depths:2 | Killed the Enchantress
 89115 | Depths:2 | Found a one-way gate leading to the halls of Pandemonium.
 89417 | Depths:2 | Received a gift from Nemelex Xobeh
 89527 | Depths:2 | Found a one-way gateway to a ziggurat.
 90507 | Depths:2 | Found Beerofu's Antique Armour Shoppe.
 91028 | Depths:2 | Found Nistraiha's Blood Bar.
 91484 | Depths:2 | Found a radiant altar of Vehumet.
 91493 | Depths:2 | Identified the +6 glaive of Soeneo {spect, Str+3}
 91758 | Depths:2 | Noticed Saint Roka
 91764 | Depths:2 | Identified the -1 quarterstaff of the Evening {venom, rElec
                  | rF+ rCorr}
 91778 | Depths:2 | Killed Saint Roka
 92007 | Depths:3 | Received a gift from Nemelex Xobeh
 92087 | Depths:3 | Noticed Grunn
 92172 | Depths:3 | Identified the +4 ring mail of Hadjma {^Contam rPois rN+
                  | Int+3}
 92921 | Depths:3 | Killed Grunn
 93379 | Depths:2 | Learned a level 7 spell: Orb of Destruction
 93846 | Depths:3 | Reached XP level 25. HP: 168/168 MP: 27/43
 93888 | Depths:3 | Identified the +3 short sword "Xajuthr Lius" {chaos, rF+
                  | rN+}
 94302 | Abyss:2  | Found a corrupted altar of Lugonu.
 94302 | Abyss:2  | Cast into level 2 of the Abyss (a deep elf demonologist)
 94356 | Abyss:2  | Received a gift from Nemelex Xobeh
 94424 | Abyss:2  | Found a corrupted altar of Lugonu.
 94685 | Depths:3 | Escaped the Abyss
 94778 | Depths:3 | Received a gift from Nemelex Xobeh
 94795 | Depths:3 | Reached skill level 25 in Fire Magic
 95162 | Depths:3 | Reached skill level 10 in Dodging
 95917 | Depths:3 | Identified the +2 great sword "Buninilo" {pain, rC+ rN+
                  | MP+9 Dex-5 Stlth-}
 95928 | Depths:3 | Found a burning altar of Makhleb.
 95946 | Depths:3 | Identified the staff of Ongaplag {rF+ Str+2 Stlth+ Fire}
 95959 | Depths:3 | Identified the +0 dagger of Destiny {spect, Str+2 Dex+3}
 96209 | Depths:3 | Received a gift from Nemelex Xobeh
 96626 | Depths:3 | Found Diacas's Weapon Shop.
 96846 | Depths:4 | Entered Level 4 of the Depths
 97865 | Depths:4 | Acquired a book of Lightning
 98202 | Vaults:4 | Learned a level 6 spell: Plasma Beam
100362 | Depths:4 | Found a corrupted altar of Lugonu.
100790 | Depths:4 | Received a gift from Nemelex Xobeh
100987 | Depths:4 | Received a gift from Nemelex Xobeh
101882 | Depths:4 | Found Edghont's Antique Weapon Shoppe.
101890 | Depths:4 | Bought a crystal mace for 256 gold pieces
101890 | Depths:4 | Identified the +5 mace of Pouxkut {heavy, rPois Str+3} (You
                  | bought it in a shop on level 4 of the Depths)
102089 | Depths:4 | Found a gate to the Realm of Zot.
102281 | Depths:4 | Reached XP level 26. HP: 178/178 MP: 28/44
102570 | Vaults:5 | Entered Level 5 of the Vaults
102576 | Vaults:5 | Noticed an ancient lich
102582 | Vaults:5 | Noticed a dread lich
102597 | Vaults:4 | Killed an ancient lich
102929 | Vaults:4 | Killed a dread lich
102965 | Vaults:5 | Noticed an ancient lich
102969 | Vaults:5 | Reached skill level 26 in Fire Magic
103246 | D:14     | Killed Xesmix's ghost
103560 | Slime:1  | Entered Level 1 of the Pits of Slime
103569 | Slime:1  | Received a gift from Nemelex Xobeh
104089 | Slime:2  | Paralysed by a formless jellyfish for 1 turns
104544 | Slime:3  | Received a gift from Nemelex Xobeh
104629 | Slime:3  | Paralysed by a formless jellyfish for 1 turns
105136 | Slime:3  | Received a gift from Nemelex Xobeh
106172 | Slime:5  | Entered Level 5 of the Pits of Slime
106253 | Slime:5  | Received a gift from Nemelex Xobeh
106665 | Slime:5  | Noticed the Royal Jelly
106937 | Slime:5  | Received a gift from Nemelex Xobeh
107245 | Slime:5  | Reached skill level 10 in Fighting
107310 | Slime:5  | Killed the Royal Jelly
107514 | Slime:5  | Identified the +0 trident of Intuition {flame, rCorr}
107715 | Slime:5  | Got a slimy rune of Zot
107718 | Slime:5  | Identified the +1 ring mail "Paruref" {rPois}
107746 | Slime:5  | Identified the ring "Nuahy" {rPois rC++ SInv Stlth-}
107748 | Slime:5  | Identified the +0 quarterstaff "Opnaseq" {drain, Will++
                  | Int+3}
107785 | Slime:5  | Identified the +6 arbalest of Ignis's Pride {heavy,
                  | ^Fragile +Blink rCorr}
107791 | Slime:5  | Identified the +0 war axe "Omnyof" {venom, rN+}
107800 | Slime:5  | Identified the +8 quarterstaff of Utsi {flame, ^Drain rC++
                  | SInv Stlth+}
108577 | Swamp:1  | Learned a level 9 spell: Fire Storm
109120 | Vaults:5 | Reached XP level 27. HP: 167/190 MP: 19/45
109329 | Vaults:5 | Killed an ancient lich
109676 | Vaults:5 | Received a gift from Nemelex Xobeh
109895 | Vaults:5 | Reached skill level 27 in Fire Magic
110122 | Vaults:5 | Identified the +4 ring mail of Filigreed Surprise {Harm
                  | rN++}
110514 | Vaults:5 | Identified the +4 leather armour of Temperance {rF+ rN+
                  | Stlth-}
110534 | Vaults:5 | Identified the +2 pair of boots "Votzebih" {rF+ rC+ rCorr}
110728 | Vaults:5 | Identified the +4 ring mail "Daqu" {Str+3}
110754 | Vaults:5 | Got a silver rune of Zot
110774 | Vaults:5 | Acquired 1058 gold pieces
111388 | Elf:2    | Bought 2 potions of haste for 320 gold pieces
111388 | Elf:2    | Bought 3 scrolls of fear for 192 gold pieces
111388 | Elf:2    | Bought a potion of enlightenment for 80 gold pieces
111401 | Elf:2    | Bought a potion of resistance for 170 gold pieces
111401 | Elf:2    | Bought a scroll of noise for 17 gold pieces
111752 | D:11     | Bought a scroll of noise for 15 gold pieces
111752 | D:11     | Bought a scroll of teleportation for 45 gold pieces
111752 | D:11     | Bought a scroll of immolation for 60 gold pieces
111752 | D:11     | Bought a scroll of teleportation for 45 gold pieces
111752 | D:11     | Bought a scroll of noise for 15 gold pieces
113876 | Zot:1    | Entered Level 1 of the Realm of Zot
114259 | Zot:1    | Received a gift from Nemelex Xobeh
114711 | Zot:1    | Noticed an orb of fire
114728 | Zot:1    | Killed an orb of fire
115683 | Vaults:1 | Bought a scroll of amnesia for 72 gold pieces
115691 | Vaults:1 | Learned a level 6 spell: Bombard
116016 | Zot:1    | Received a gift from Nemelex Xobeh
117221 | Zot:2    | Received a gift from Nemelex Xobeh
117644 | Zot:2    | Received a gift from Nemelex Xobeh
118288 | Zot:2    | Upgraded the game from 0.31-a0-1424-g2add1c7226 to
                  | 0.31-a0-1447-g87ca8d402b
119020 | Zot:3    | Received a gift from Nemelex Xobeh
119463 | Zot:3    | Reached skill level 5 in Earth Magic
119770 | Zot:3    | Found a corrupted altar of Lugonu.
120079 | Zot:3    | Upgraded the game from 0.31-a0-1447-g87ca8d402b to
                  | 0.31-a0-1469-gd420192249
120152 | Zot:3    | Received a gift from Nemelex Xobeh
121392 | Zot:3    | Acquired the +2 pair of boots of the Land of Plenty
                  | {Rampage rPois Will++ Dex+2}
121460 | Zot:3    | Identified the +3 short sword of Isunkov {flame, rF+ Str+5}
121799 | Zot:3    | Noticed an orb of fire
121856 | Zot:3    | Killed an orb of fire
121938 | Zot:3    | Noticed an orb of fire
121939 | Zot:3    | Gained mutation: Your magical capacity is low. (-10% MP)
                  | [an orb of fire]
121942 | Zot:3    | Killed an orb of fire
122073 | Zot:3    | Found a faded altar of an unknown god.
122192 | Zot:3    | Received a gift from Nemelex Xobeh
123363 | Zot:3    | Learned a level 2 spell: Blink
123777 | Zot:4    | Received a gift from Nemelex Xobeh
124011 | Zot:5    | Entered Level 5 of the Realm of Zot
124455 | Zot:5    | Got the Verses on Cold
125386 | Zot:5    | Received a gift from Nemelex Xobeh
125389 | Zot:5    | Noticed an orb of fire
125399 | Zot:5    | Gained mutation: Your spells are a little easier to cast,
                  | but a little less powerful. [an orb of fire]
125402 | Zot:5    | Noticed an orb of fire
125404 | Zot:5    | Gained mutation: You are clumsy. (Dex -2) [an orb of fire]
125409 | Zot:5    | Gained mutation: You have sharp fingernails. [an orb of
                  | fire]
125702 | Zot:5    | Killed an orb of fire
126131 | Zot:5    | Noticed an orb of fire
126135 | Zot:5    | Killed an orb of fire
126628 | Zot:5    | Noticed an orb of fire
127200 | Zot:5    | Killed an orb of fire
127566 | Zot:3    | Learned a level 7 spell: Spellforged Servitor
127937 | Zot:5    | Noticed an ancient lich
127944 | Zot:5    | Noticed an orb of fire
127944 | Zot:5    | Noticed an orb of fire
127945 | Zot:5    | Killed an ancient lich
128118 | Zot:5    | Killed an orb of fire
128197 | Zot:5    | Noticed an orb of fire
128218 | Zot:5    | Killed an orb of fire
128338 | Zot:5    | Noticed a dread lich
128367 | Zot:5    | Killed a dread lich
128547 | Zot:5    | Noticed an orb of fire
128602 | Zot:5    | Gained mutation: You occasionally shout uncontrollably at
                  | your foes. [an orb of fire]
128603 | Zot:5    | Killed an orb of fire
128690 | Zot:5    | Killed an orb of fire
129407 | Zot:5    | Gained mutation: Your magical capacity is very low. (-20%
                  | MP) [an orb of fire]
129409 | Zot:5    | Killed an orb of fire
130740 | Zot:5    | Got the Orb of Zot
130842 | Zot:1    | Noticed Josadgh the pandemonium lord
131149 | D:8      | Gained mutation: Potions are less effective at restoring
                  | your health. [a cacodemon]
131305 | D:$      | Escaped with the Orb!

Illustrated notes

Levels and vault maps discovered:
D:1:      dpeg_arrival_short_road, layout_basic, minivault_19
D:2:      layout_basic
D:3:      layout_basic, nicolae_overflow_crystal_walls, minmay_crystal_water
D:4:      minmay_spotlight, layout_basic, pdpol_wu_jian_five_deadly_venoms,
          serial_shops, nicolae_shop_peninsula, nicolae_shop_waterfront, shop,
          nicolae_shop_gibbet_a_chance, nicolae_shop_waterfront,
          grunt_ministairs_14
D:5:      layout_gridville, nicolae_uskayaw_en_pointe, serial_rivers,
          chequers_serial_rivers_small_b, chequers_serial_rivers_room_b,
          chequers_serial_rivers_micro_b, chequers_serial_rivers_marsh,
          chequers_serial_rivers_large_b, nicolae_letterblocks
          [nicolae_letter_subblock, nicolae_letter_subblock,
          nicolae_letter_subblock, nicolae_letter_subblock,
          nicolae_letter_subblock, nicolae_letter_subblock,
          nicolae_letter_subblock, nicolae_letter_subblock,
          nicolae_letter_subblock, nicolae_letter_subblock,
          nicolae_letter_subblock, nicolae_letter_subblock,
          nicolae_letter_subblock, nicolae_letter_subblock,
          nicolae_letter_subblock, nicolae_letter_subblock,
          nicolae_letter_subblock, nicolae_letter_subblock,
          nicolae_letter_subblock, nicolae_letter_subblock,
          nicolae_letter_subblock, nicolae_letter_subblock,
          nicolae_letter_subblock, nicolae_letter_subblock,
          nicolae_letter_subblock]
D:6:      layout_cave_pools, trog_hazing_becter, lemuel_round_altar,
          minmay_strange_pillars, nicolae_titane, uniq_prince_ribbit1,
          uniq_grinder
D:7:      layout_layer_cave, general_overflow_altar, grunt_dithmenos_shadows,
          minmay_temple_entry_statues_pillars, gammafunk_ghost_abyssal_escape
D:8:      layout_gridville, chei_slow_surprise
D:9:      layout_long_grid, lemuel_zombie_altar_yredelemnul, uniq_maggie,
          uniq_harold, uniq_maurice
D:10:     layout_gridville, lemuel_doored_altar, zin_angel, enter_trove_3,
          uniq_snorg, uniq_erolcha
D:11:     layout_loops_corners, lair_entry_dummy, serial_shops,
          nicolae_shop_behind_doors, ebering_ghost_reflecting_pool, uniq_erica
D:12:     layout_roguey [special_room_orc], erik_orc_1, gauntlet_entry_generic
D:13:     layout_roguey, erik_vaults_2
D:14:     layout_roguey, ebering_ghost_rock_garden, serial_park_square1
          [serial_park_minivault_5x5_8], mainiacjoe_labyrinth_nostalgia
D:15:     grunt_enter_depths_magical_seal, layout_irregular_city,
          hangedman_abyss_or_decor_clamps, nicolae_water_bricks, uniq_azrael
Temple:   chequers_temple_sunken
Lair:1:   layout_loops_ring, beast_lair_carwin_8
Lair:2:   layout_chaotic_city, mainiacjoe_swamp_entry_lozenge_pond,
          portal_ice_cave_entry_pillars_1, kilobyte_rumbling_trees
Lair:3:   layout_loops_ring, guppyfry_snake_entry_garden, uniq_gastronok,
          uniq_urug, uniq_fannar
Lair:4:   layout_gridlike
Lair:5:   due_jungle_book, layout_regular_city, slime_entry_2,
          grunt_megastairs_1, uniq_rupert
Swamp:1:  layout_falls_marsh, serial_swamp_ruin, evilmike_swamp_ruin_house_1,
          evilmike_swamp_ruin_house_6, nicolae_swamp_round_clearing,
          swamp_pool_1_2
Swamp:2:  layout_basic_swamp, evilmike_swamp_ruin_house_4,
          nicolae_swamp_necromancer_hut, infiniplex_staircase_pool
Swamp:3:  layout_falls_marsh, nicolae_swamp_some_circles, swamp_pool_3,
          nicolae_swamp_tree_isthmus
Swamp:4:  grunt_swamp_rune_castle, layout_basic_swamp, nicolae_swamp_long_stream
Snake:1:  nicolae_snake_hallway, layout_layer_cave
Snake:2:  layout_onion_interference, serial_shops, shop, serial_bayou_shore_a,
          grunt_megastairs_3, uniq_nikola
Snake:3:  layout_misc_corridors, serial_shops, shop
Snake:4:  hellmonk_snake_rune_quicksilver_temple, layout_cave_town,
          uniq_mlioglotl, uniq_vashnia
Slime:1:  layout_caves
Slime:2:  layout_caves
Slime:3:  layout_caves
Slime:4:  cheibrodos_slime_lost_civilization_1, layout_caves,
          nicolae_slime_crime_time
Slime:5:  slime_pit_nicolae_jellycorners
Orc:1:    layout_caves, serial_shops, shop, basic_altar
Orc:2:    st_orc_ogre_mass, layout_caves, ebering_ghost_rock_garden,
          nicolae_orc_damp_corner
Elf:1:    minmay_elf_arrival_circle, layout_onion_city, serial_shops, shop,
          minmay_elf_sorcery
Elf:2:    nicolae_elf_blades_splatter_lattice [nicolae_blade_entry_antechamber],
          layout_loops_cross, basic_altar, serial_shops,
          nicolae_shop_rolling_square, nicolae_shop_peninsula,
          nicolae_stop_n_shop_1, shop
Elf:3:    minmay_elf_hall_x, layout_geoelf_castle, nicolae_shop_clearance
Vaults:1: v_misc_2, serial_ice_h, vaults_standard_mumra_x, v_pattern_4,
          nicolae_vaults_frosty_reception, nicolae_vaults_sesquioval_fish,
          nicolae_vaults_alarming, nicolae_vaults_inception_scallops,
          vaults_dpeg_emergency_exit, nicolae_vaults_angled_halls,
          vaults_dpeg_diagonal, nicolae_vaults_murder_corner,
          layout_vaults_ring, serial_shops, shop, uniq_donald
Vaults:2: mu_enter_wizlab_6, minmay_crypt_entry_simple_round,
          nicolae_vaults_an_arrangement, nicolae_vaults_layer_cake_slice,
          ontoclasm_vaults_misaligned, nicolae_vaults_trapezoid_lopsided_1,
          ontoclasm_vaults_gateway, nicolae_vaults_tetromino_T_1, v_misc_11,
          nicolae_vaults_closet_pinwheel_6, vaults_room_semicircle,
          vaults_room_grid, hangedman_vaults_trim, layout_vaults_big_room,
          serial_shops, nicolae_shop_tiny_waterfront, uniq_jory
Vaults:3: vaults_dpeg_ring, vaults_mumra_hex, v_misc_15, v_rooms_1,
          nicolae_vaults_surprise_closet, nicolae_vaults_double_plus_1,
          nicolae_vaults_shelves_hall, v_misc_18,
          nicolae_vaults_hexular_roomagon, nicolae_vaults_circle_grid_a,
          layout_vaults_omnigrid
Vaults:4: vaults_dpeg_encased_lava, hangedman_vaults_corner,
          nicolae_vaults_two_Ls, nicolae_vaults_puzzle_piece,
          nicolae_vaults_trapezoid_1, grunt_vaults_twisty,
          nicolae_vaults_variable_pillar_hall, hangedman_vaults_nails,
          nicolae_vaults_little_squares_2, nicolae_vaults_shelves_hall,
          nicolae_vaults_closet_pinwheel_4, layout_vaults_maze_bifur,
          serial_shops, bzr_entry_lakeside, uniq_margery
Vaults:5: serial_shops
Crypt:1:  layout_chaotic_city
Crypt:2:  layout_chaotic_city, minmay_misc_feat_alley, minivault_19
Crypt:3:  church_of_pain_bobbens, layout_chaotic_city,
          tomb_entry_forgotten_bobbens, ebering_dispersal_statue_hall
Depths:1: layout_cave_pools, serial_bayou_pond_a, grunt_mini_vestibule,
          nicolae_zig_zag_zippers
Depths:2: grunt_forest_end_shrine, layout_honeycomb, enter_ziggurat_e,
          serial_shops, shop_fountains, pf_dread_powers_of_hell,
          grunt_pan_entry_in_and_out, guppyfry_shop_blood, firewood_loft,
          minmay_staircase_statues, uniq_saint_roka
Depths:3: evilmike_makhleb_hellhole, layout_cross, abyss_entry, serial_shops,
          nicolae_shop_peninsula, serial_co_window_serial, co_window_paths_a,
          co_window_of_opportunity_a, co_window_corner_a,
          co_window_of_opportunity_a, co_window_corner_a, co_window_broadway_b,
          co_window_paths_c, co_window_broadway_b, co_window_paths_c,
          glass_columns_a, glass_columns_a, glass_columns_a, glass_columns_b,
          glass_columns_b, hell_entry, amcnicky_mini_rare_corridor_liquid,
          minmay_misc_feat_columns, minmay_staircase_windowed_large, uniq_grunn
Depths:4: lemuel_castle_with_subvaults [lemuel_castle_interior_carwin_1],
          layout_long_grid, abyss_entry_flame_altar, hell_entry, serial_shops,
          nicolae_shop_trees, nicolae_the_louvre, grunt_megastairs_4
Zot:1:    layout_gridlike
Zot:2:    layout_onion_interference, bh_zot_ikea_curve,
          regret_index_zotdec_banners
Zot:3:    regret_index_infernal_bastille, layout_gridlike,
          st_small_dragon_hoard_5, hangedman_zot_decor_unnerving_road,
          regret_index_zotdec_abyssal_star_handed
Zot:4:    layout_cathedral_of_symmetry, skrybe_zot_glass_1
Zot:5:    layout_basic, hangedman_zot_diagonal_lockstep,
          kennysheep_underground_church

Skill      XL: |  1  2  3  4  5  6  7  8  9 10 11 12 13 14 15 16 17 18 19 20 21 22 23 24 25 26 27 |
---------------+----------------------------------------------------------------------------------+-----
Armour         | 1 2 3 4 5 6 8 9 10 11 12 | 12.0
Fighting       | 1 2 3 4 5 6 7 8 10 | 10.0
Conjurations   | 2 3 4 5 6 7 8 9 10 11 12 13 14 15 16 17 18 19 26 | 26.1
Fire Magic     | 4 5 6 8 9 10 11 13 14 16 17 18 19 20 21 22 23 24 25 26 27 | 27.0
Ranged Weapons | 1 3 |  3.0
Evocations     | 1 2 3 5 6 |  6.0
Dodging        | 3 4 5 6 7 8 9 11 12 | 12.0
Spellcasting   | 3 4 5 6 7 8 9 10 11 12 13 14 15 16 17 18 21 | 21.7
Hexes          | 1 2 |  2.0
Throwing       | 1 |  1.0
Invocations    | 1 3 4 5 7 8 9 10 | 10.0
Maces & Flails | 1 4 5 7 8 |  8.5
Earth Magic    | 1 3 5 |  5.0
Shields        | 4 6 7 8 9 10 11 12 | 12.0
Staves         | 2 4 6 8 |  8.3
Ice Magic      | 3 |  3.0
Translocations | 2 3 |  3.0
Summonings     | 3 6 10 13 14 | 14.5
Air Magic      | 3 |  3.0
Stealth        | |  2.0

Action                     |  1- 3 |  4- 6 |  7- 9 | 10-12 | 13-15 | 16-18 | 19-21 | 22-24 | 25-27 || total
---------------------------+-------+-------+-------+-------+-------+-------+-------+-------+-------++-------
  Melee: Unarmed           |    19 |       |       |       |       |       |       |       |       ||    19
         Punch             |     1 |       |       |       |       |       |       |       |       ||     1
         Morningstar       |       |       |       |       |    10 |     6 |    59 |    68 |    31 ||   174
         Staff             |       |       |       |       |       |    14 |    78 |    40 |    21 ||   153
   Fire: Sling             |    88 |   123 |    31 |    16 |     9 |     9 |       |       |       ||   276
  Throw: Dart              |       |       |    10 |     2 |    15 |     5 |     1 |     6 |       ||    39
         Throwing net      |       |       |     2 |     1 |       |       |       |       |       ||     3
   Cast: Foxfire           |    25 |    16 |   163 |   355 |   681 |   539 |   426 |   373 |   113 ||  2691
         Scorch            |    12 |    23 |    55 |   173 |   452 |    92 |    11 |     3 |       ||   821
         Flame Wave        |       |       |     1 |    16 |    45 |     1 |     8 |    19 |     6 ||    96
         Inner Flame       |       |       |       |     1 |    10 |     2 |     1 |     1 |     1 ||    16
         Stone Arrow       |       |       |       |       |    75 |   366 |   712 |   911 |   620 ||  2684
         Starburst         |       |       |       |       |    34 |    52 |    40 |    45 |    18 ||   189
         Sticky Flame      |       |       |       |       |       |    18 |    11 |    37 |    13 ||    79
         Iskenderun's Myst |       |       |       |       |       |    12 |     7 |     3 |    19 ||    41
         Iskenderun's Batt |       |       |       |       |       |   121 |   193 |   243 |   187 ||   744
         Fireball          |       |       |       |       |       |    30 |    25 |    35 |     8 ||    98
         Ignition          |       |       |       |       |       |       |       |    24 |   145 ||   169
         Summon Lightning  |       |       |       |       |       |       |       |    35 |   134 ||   169
         Orb of Destructio |       |       |       |       |       |       |       |     5 |   300 ||   305
         Plasma Beam       |       |       |       |       |       |       |       |       |   125 ||   125
         Fire Storm        |       |       |       |       |       |       |       |       |    31 ||    31
         Bombard           |       |       |       |       |       |       |       |       |   169 ||   169
         Spellforged Servi |       |       |       |       |       |       |       |       |    35 ||    35
 Invoke: Draw Destruction  |       |       |       |    12 |     8 |    19 |    33 |    26 |     7 ||   105
         Draw Summoning    |       |       |       |     1 |     7 |     8 |     8 |    10 |    11 ||    45
         Stack Five        |       |       |       |       |       |     1 |       |       |       ||     1
         Draw Stack        |       |       |       |       |       |       |     2 |     1 |     1 ||     4
         Draw Escape       |       |       |       |       |       |       |     3 |     1 |       ||     4
Ability: Evoke Blink       |       |       |       |       |       |       |       |     1 |       ||     1
  Evoke: Wand              |       |       |       |     2 |     2 |     7 |    25 |    23 |    14 ||    73
         Lightning rod     |       |       |       |       |     2 |     5 |     6 |     2 |     2 ||    17
         Box of beasts     |       |       |       |       |       |     1 |     1 |     1 |       ||     3
    Use: Scroll            |       |     8 |     4 |    11 |    18 |     6 |    14 |    23 |    29 ||   113
         Potion            |       |       |     2 |     3 |     5 |     4 |     7 |    11 |    13 ||    45
   Stab: Distracted        |       |       |       |       |       |       |       |     2 |       ||     2
 Armour: Robe              |    26 |    21 |    11 |   110 |   491 |    65 |       |       |       ||   724
         Leather armour    |       |       |    34 |    11 |       |       |       |       |       ||    45
         Ring mail         |       |       |       |       |       |   223 |   457 |   534 |       ||  1214
         Skin              |       |       |       |       |       |       |    19 |    61 |       ||    80
         Acid dragon scale |       |       |       |       |       |       |       |    73 |   672 ||   745
  Dodge: Dodged            |    34 |    37 |    39 |   165 |   368 |   154 |   332 |   471 |   558 ||  2158
  Block: Buckler           |       |       |       |       |    55 |   148 |    45 |   147 |   237 ||   632
         Reflection        |       |       |       |       |       |    21 |    48 |    34 |       ||   103
         Kite shield       |       |       |       |       |       |       |   663 |   387 |       ||  1050

Table legend: (Time is in decaauts)
 A = Elapsed time spent in this place.
 B = Non-inter-level travel time spent in this place.
 C = Inter-level travel time spent in this place.
 D = Time resting spent in this place.
 E = Time spent auto-exploring this place.
 F = Levels seen in this place.
 G = Mean time per level.
                   A        B        C        D        E       F      G
               +--------+--------+--------+--------+--------+-----+--------+
         Total | 131740 | 115103 |  16637 |  44041 |  41680 |  63 | 2091.1 |
       Dungeon |  29830 |  24333 |   5497 |   7140 |  12134 |  15 | 1988.7 |
        Temple |     52 |      2 |     50 |      0 |      0 |   1 |   52.0 |
          Lair |   9523 |   7629 |   1894 |   1897 |   3523 |   5 | 1904.6 |
         Swamp |   4567 |   4112 |    455 |    985 |   2062 |   4 | 1141.8 |
     Snake Pit |  10970 |   9464 |   1506 |   3663 |   3479 |   4 | 2742.5 |
    Slime Pits |   4633 |   4023 |    610 |   1295 |   1735 |   5 |  926.6 |
  Orcish Mines |   2197 |   1831 |    366 |    304 |    893 |   2 | 1098.5 |
   Elven Halls |   8420 |   7441 |    979 |   2851 |   1756 |   3 | 2806.7 |
        Vaults |  15676 |  13857 |   1819 |   5484 |   5309 |   5 | 3135.2 |
         Crypt |   9168 |   8287 |    881 |   4614 |   1238 |   3 | 3056.0 |
        Depths |  15666 |  14341 |   1325 |   7042 |   4103 |   4 | 3916.5 |
           Zot |  16102 |  14852 |   1250 |   6632 |   4619 |   5 | 3220.4 |
         Abyss |    382 |    382 |      0 |     20 |     50 |   3 |  127.3 |
        Bazaar |     82 |     82 |      0 |      0 |     37 |   1 |   82.0 |
         Trove |     97 |     97 |      0 |      0 |     54 |   1 |   97.0 |
      Ice Cave |   2703 |   2703 |      0 |   1091 |    668 |   1 | 2703.0 |
        Wizlab |   1665 |   1665 |      0 |   1019 |     20 |   1 | 1665.0 |
               +--------+--------+--------+--------+--------+-----+--------+

Top non-repeatable levels by time:
   Zot:5: 5530 daAuts
    D:15: 5367 daAuts
Depths:3: 5248 daAuts
Depths:2: 4627 daAuts
   Zot:3: 4554 daAuts
 Crypt:3: 4213 daAuts
Depths:4: 3911 daAuts
Vaults:1: 3682 daAuts
   Elf:3: 3673 daAuts
Vaults:3: 3624 daAuts
Vaults:4: 3424 daAuts
 Snake:4: 3362 daAuts
Vaults:2: 3113 daAuts
  Lair:5: 2892 daAuts
 Snake:2: 2868 daAuts
